 Dungeon Crawl Stone Soup version 0.22-a0-271-gc000056 (webtiles) character file.

3890 b5mith the Slinger (level 10, -6/65 HPs)
             Began as a Halfling Hunter on Mar 10, 2018.
             Mangled by a warg (10 damage)
             ... on level 8 of the Dungeon.
             The game lasted 00:31:39 (7777 turns).

b5mith the Slinger (Halfling Hunter)                Turns: 7777, Time: 00:31:40

Health: -6/65      AC:  8    Str: 13    XL:     10   Next: 42%
Magic:  10/10      EV: 21    Int:  9    God:
Gold:   447        SH:  0    Dex: 19    Spells: 9/9 levels left

rFire    + . .     SeeInvis .   b - +0 short sword (venom)
rCold    . . .     Gourm    .   (shield restricted)
rNeg     . . .     Faith    .   c - +0 leather armour
rPois    +         Spirit   .   M - +0 helmet
rElec    .         Reflect  .   x - +2 cloak
rCorr    .         Harm     .   (no gloves)
MR       .....                  v - +0 pair of boots
Stlth    ++++......             (no amulet)
HPRegen  0.20/turn              I - ring of poison resistance
MPRegen  0.12/turn              y - ring of protection from fire

@: slowed, very slow
A: small, mutation resistance 1
a: no special abilities


You were on level 8 of the Dungeon.
You were not hungry.

You visited 1 branch of the dungeon, and saw 9 of its levels.
You also visited: Sewer.

You collected 447 gold pieces.

Inventory:

Hand Weapons
 a - a +1 hunting sling
 b - a +0 short sword of venom (weapon)
 o - a +0 club
 u - a +0 short sword
 N - a +0 mace
Missiles
 g - 260 stones (quivered)
 K - 2 throwing nets
Armour
 c - a +0 leather armour (worn)
 j - a +0 pair of boots
 v - a +0 pair of boots (worn)
 x - a +2 cloak (worn)
 M - a +0 helmet (worn)
 R - a +0 chain mail
Jewellery
 e - a +5 ring of intelligence
 y - a ring of protection from fire (right hand)
 H - an uncursed ring of magical power
 I - a ring of poison resistance (left hand)
Wands
 D - a wand of polymorph (32)
 F - a wand of acid (9)
 J - a wand of random effects (11)
 O - a wand of enslavement (12)
Scrolls
 d - a scroll of holy word {unknown}
 i - 9 scrolls of remove curse {@r2}
 l - 5 scrolls of fog
 m - 3 scrolls of teleportation
 n - a scroll of magic mapping {unknown}
 p - a scroll of noise {unknown}
 s - 2 scrolls of blinking
 t - 4 scrolls of random uselessness
 B - 3 scrolls of immolation
 L - a scroll of enchant weapon {unknown}
 P - a scroll of identify {@r1}
Potions
 h - a potion of haste {unknown}
 k - 2 potions of ambrosia
 q - 2 potions of curing {@q1}
 r - a potion of brilliance {unknown}
 w - 4 potions of flight
 z - a potion of invisibility {unknown}
 A - a potion of lignification {unknown}
 C - 3 potions of degeneration
 E - 3 potions of might
 G - 2 potions of heal wounds {unknown}
Comestibles
 f - 10 rations


   Skills:
 + Level 4.6 Fighting
 + Level 5.3 Short Blades
 - Level 12.0 Slings
 + Level 8.3 Dodging
 + Level 8.7 Stealth


You had 9 spell levels left.
You didn't know any spells.

Dungeon Overview and Level Annotations

Branches:
Dungeon (9/15)             Temple (0/1) D:5            Lair (0/6) D:9
    Orc: D:9-12

Altars:
Sif Muna
Uskayaw
Wu Jian
Zin
The Shining One

Shops:
D:8 (


Innate Abilities, Weirdness & Mutations

You are small and have problems with some larger weapons.
You are somewhat resistant to further mutation.


Message History

b - a +0 short sword of venom (weapon)
The yak misses you. The warg closely misses you.
You barely miss the warg.
The warg is moderately wounded.
The warg bites you but does no damage. The yak closely misses you.
The warg closely misses you.
You hit the warg.
The warg is heavily wounded.
The yak misses you. The warg misses you. The yak gores you.
* * * LOW HITPOINT WARNING * * *
The dream sheep ruffles its wool and motes of dream dust sparkle, to no effect.
You hit the warg.
The warg is heavily wounded.
The warg misses you. The yak gores you!
* * * LOW HITPOINT WARNING * * *
The warg closely misses you.
You barely miss the warg.
The warg is heavily wounded.
The warg bites you!
You die...

#.....# #............ #.##.##
#.########### #.##.#
#.##......... #.##.##
#.##.......#. #.#.#.##
#.##.......#.
#..###.##############.##..# #..#.
....#.................##..# +..#.
####.##############.......###....
#...........h@YhY####(...(.##.
#.##################<#.....##.
#.# #Y###.#####. #.#
####Y#####..... #.#
#.≈÷≈.≈PP####.. ...
#......≈P#..... .#.
#.....P≈≈####.# #..P..≈≈P###...
#...(.P≈.##....


You could see a yak, 2 wargs and a dream sheep.

Vanquished Creatures
  Psyche (D:8)
  Grinder (D:3)
  2 hippogriffs (D:8)
  Sigmund (D:3)
  A yak (D:9)
  A sky beast (D:6)
  A black bear (D:8)
  3 ogres
  2 centaurs
  The ghost of Raine357 the Slasher, an amateur TeGl (D:3)
  3 big kobolds
  4 bullfrogs
  A water moccasin zombie (D:8)
  4 scorpions
  2 howler monkeys (D:6)
  4 crimson imps
  A centaur zombie (D:5)
  3 hounds
  3 orc priests
  6 orc wizards
  2 jellies (D:5)
  A gnoll shaman (D:7)
  2 bullfrog skeletons
  A centaur skeleton (D:7)
  An iguana (D:5)
  Terence (D:2)
  5 worker ants
  2 big kobold zombies (Sewer)
  A hound zombie (D:8)
  A worker ant zombie (D:5)
  4 gnolls (D:7)
  12 adders
  4 shadow imps
  2 ufetubi (Sewer)
  5 oozes
  A worm (D:4)
  3 dart slugs
  17 orcs
  9 bats
  11 giant cockroaches
  8 goblins
  8 hobgoblins
  11 jackals
  20 kobolds
  3 quokkas
  3 frilled lizards
  A giant cockroach zombie (Sewer)
  A jackal skeleton (D:5)
  A quokka skeleton (D:5)
  5 rats
191 creatures vanquished.

Notes
Turn   | Place    | Note
-------+----------+-------------------------------------------
     0 | D:1      | b5mith the Halfling Hunter began the quest for the Orb.
     0 | D:1      | Reached XP level 1. HP: 14/14 MP: 1/1
    43 | D:1      | Reached skill level 6 in Slings
    43 | D:1      | Reached XP level 2. HP: 19/19 MP: 2/2
   496 | D:1      | Reached XP level 3. HP: 24/24 MP: 3/3
   706 | D:2      | Found a glowing golden altar of the Shining One.
   707 | D:2      | Found a glowing silver altar of Zin.
   834 | D:2      | Noticed Terence
   849 | D:2      | Killed Terence
   849 | D:2      | Reached XP level 4. HP: 26/29 MP: 4/4
  1028 | D:2      | Found a hide-covered altar of Uskayaw.
  1253 | D:3      | Noticed Grinder
  1262 | D:3      | Reached skill level 7 in Slings
  1271 | D:3      | Killed Grinder
  1271 | D:3      | Reached skill level 8 in Slings
  1271 | D:3      | Reached XP level 5. HP: 34/34 MP: 5/5
  1271 | D:3      | Reached XP level 6. HP: 39/39 MP: 6/6
  1323 | D:3      | Noticed Raine357's ghost (amateur TeGl)
  1391 | D:3      | Killed Raine357's ghost
  1391 | D:3      | Reached XP level 7. HP: 5/45 MP: 7/7
  1789 | D:3      | Noticed Sigmund
  1816 | D:3      | Killed Sigmund
  1816 | D:3      | Reached skill level 9 in Slings
  2440 | D:4      | Reached skill level 10 in Slings
  2440 | D:4      | Reached skill level 5 in Dodging
  2440 | D:4      | Reached skill level 5 in Stealth
  2440 | D:4      | Reached XP level 8. HP: 50/50 MP: 8/8
  2925 | D:5      | Entered Level 5 of the Dungeon
  3064 | D:5      | Found a staircase to the Ecumenical Temple.
  3106 | D:5      | Found a glowing drain.
  3278 | D:5      | Reached skill level 11 in Slings
  3448 | Sewer    | Entered a sewer
  4061 | Sewer    | Found a burning altar of Makhleb.
  4386 | D:5      | Reached XP level 9. HP: 54/54 MP: 9/9
  4458 | D:5      | Found an ornate altar of the Wu Jian Council.
  4708 | D:6      | Reached skill level 12 in Slings
  4859 | D:6      | Reached skill level 1 in Short Blades
  6041 | D:8      | Noticed a hippogriff
  6053 | D:8      | Killed a hippogriff
  6124 | D:8      | HP: 1/57 [ogre/giant club (16)]
  6460 | D:8      | Noticed a hippogriff
  6575 | D:8      | Reached XP level 10. HP: 13/63 MP: 10/10
  6611 | D:8      | HP: 1/63 [orc priest/divine providence (12)]
  6690 | D:8      | Noticed Psyche
  6983 | D:8      | Found Kotzaon's Weapon Shoppe.
  7076 | D:8      | Killed Psyche
  7380 | D:8      | Found a deep blue altar of Sif Muna.
  7555 | D:8      | Reached skill level 5 in Short Blades
  7756 | D:9      | Found a staircase to the Lair.
  7777 | D:8      | Mangled by a warg

Vault maps used:
D:1:      onia_arrival_pyramid
D:2:      lemuel_doored_altar, gammafunk_temple_overflow_pools, uniq_terence
D:3:      first_ration, uniq_grinder, uniq_sigmund
D:4:      st_stairs_10
D:5:      nicolae_overflow_hidden_temple, minmay_temple_entry_steel_oval,
          gup_sewer_entry_glass, bh_walls_and_bars
D:8:      kennysheep_mini_moat, basic_altar, serial_shops, shop,
          hangedman_ranch, uniq_psyche
D:9:      okawaru_gym_becter, erik_lair_orcish_takeover
Sewer:    kennysheep_sewer_church

Skill      XL: |  1  2  3  4  5  6  7  8  9 10 |
---------------+-------------------------------+-----
Fighting       | 2 3 4 |  4.6
Slings         | 6 8 10 11 12 | 12.0
Stealth        | 2 3 5 6 7 8 |  8.7
Dodging        | 3 4 5 6 7 8 |  8.3
Short Blades   | 3 5 |  5.3

Action                   |  1- 3 |  4- 6 |  7- 9 | 10-12 || total
-------------------------+-------+-------+-------+-------++-------
Melee: Short sword       |       |     8 |   225 |    48 ||   281
 Fire: Hunting sling     |    77 |    68 |   448 |   104 ||   697
Throw: Stone             |       |     1 |    22 |       ||    23
  Use: Scroll            |     2 |     1 |    10 |     2 ||    15
  Eat: Chunk             |       |     1 |     7 |       ||     8
       Ration            |       |       |     4 |       ||     4
Armor: Leather armour    |     2 |     6 |    90 |    17 ||   115
Dodge: Dodged            |    10 |    22 |   317 |    67 ||   416

Table legend:
 A = Spawn XP
 B = Non-spawn XP
 C = Spawn XP percentage of total XP
 D = Spawn monster count
 E = Non-spawn monster count
 F = Spawn count percentage of total count
 G = Total turns spent on level
                    A         B        C        D         E        F      G
               +---------+---------+-------+---------+---------+-------+---------
         Total |       0 |    5558 |   0.0 |       0 |     191 |   0.0 |  7777
               +---------+---------+-------+---------+---------+-------+---------
           D:1 |       0 |      30 |   0.0 |       0 |      15 |   0.0 |   551
           D:2 |       0 |      60 |   0.0 |       0 |      13 |   0.0 |   545
           D:3 |       0 |     720 |   0.0 |       0 |      28 |   0.0 |   933
           D:4 |       0 |     408 |   0.0 |       0 |      17 |   0.0 |   896
           D:5 |       0 |     547 |   0.0 |       0 |      30 |   0.0 |   806
           D:6 |       0 |     713 |   0.0 |       0 |       9 |   0.0 |   489
           D:7 |       0 |     561 |   0.0 |       0 |      21 |   0.0 |   941
           D:8 |       0 |    1881 |   0.0 |       0 |      20 |   0.0 |  1633
           D:9 |       0 |     363 |   0.0 |       0 |       3 |   0.0 |    81
         Sewer |       0 |     275 |   0.0 |       0 |      35 |   0.0 |   902
               +---------+---------+-------+---------+---------+-------+---------
